 Dungeon Crawl Stone Soup version 0.18-b1-10-g3f7de93 (webtiles) character file.

333 Zhenya25pyc the Cudgeler (level 6, 0/39 HPs)
             Began as a Gargoyle Fighter on Apr 29, 2016.
             Slain by namelastname112's ghost (8 damage)
             ... on level 4 of the Dungeon.
             The game lasted 00:04:22 (2964 turns).

Zhenya25pyc the Cudgeler (Gargoyle Fighter)         Turns: 2964, Time: 00:04:23

Health: 0/39       AC: 12    Str: 22    XL:     6   Next: 52%
Magic:  6/6        EV:  7    Int:  8    God:
Gold:   167        SH:  9    Dex:  9    Spells: 0 memorised, 5 levels left

rFire  . . .     SeeInvis .     a - +0 flail
rCold  . . .     Gourm    .     b - +0 scale mail
rNeg   + . .     Faith    .     c - +0 shield
rPois  ∞         Spirit   .     (no helmet)
rElec  +         Dismiss  .     u - +0 cloak
rCorr  .         Reflect  .     (no gloves)
SustAt .         Harm     .     (no boots)
MR     .....     Rnd*Tele +     (no amulet)
Stlth  ..........               (no ring)
                                t - ring of teleportation (curse)

@: not resistant to hostile enchantments, extremely unstealthy
A: negative energy resistance 1, electricity resistance, unbreathing,
petrification resistance, rot immunity, AC +4
a: no special abilities


You were on level 4 of the Dungeon.
You were very hungry.

You visited 1 branch of the dungeon, and saw 4 of its levels.

You collected 167 gold pieces.

Inventory:

Hand Weapons
 a - a +0 flail (weapon)
Armour
 b - a +0 scale mail (worn)
 c - a +0 shield (worn)
 u - a +0 cloak (worn)
Jewellery
 t - a cursed ring of teleportation (left hand)
Wands
 p - a wand of slowing (15/48)
Scrolls
 e - a scroll of enchant armour {unknown}
 g - 7 scrolls of identify {unknown}
 k - 2 scrolls of blinking {unknown}
 l - a scroll of amnesia {unknown}
 m - a scroll of recharging {unknown}
 n - a scroll of remove curse {unknown}
 s - a scroll of immolation {unknown}
 v - a scroll of enchant weapon {unknown}
 w - a scroll of teleportation {unknown}
 x - 3 scrolls of fear {unknown}
Potions
 d - 3 potions of might
 i - 2 potions of flight {unknown}
 j - a potion of haste {unknown}
 q - 2 potions of mutation {unknown}
 r - a potion of curing {unknown}
 z - a potion of heal wounds {unknown}
 A - a potion of lignification {unknown}
Comestibles
 f - 2 bread rations
 h - 5 fruits
 o - 3 beef jerkies


   Skills:
 + Level 4.5 Fighting
 * Level 4.6 Maces & Flails
 + Level 4.5 Armour
 + Level 4.3 Shields


You had 5 spell levels left.
You didn't know any spells.

Dungeon Overview and Level Annotations

Branches:
Dungeon (4/15)
 Temple: D:4-7

Altars:
Cheibriados
Vehumet

Annotations:
D:4 namelastname112's ghost, amateur DrBe


Innate Abilities, Weirdness & Mutations

You are resistant to torment.
Your stone body is resilient (AC +4).
You are immune to poison.
You resist negative energy.
You are resistant to electric shocks.
You can survive without breathing.
You are immune to petrification.
You are immune to rotting.


Message History

Namelastname112's ghost hits you but does no damage.
You hit namelastname112's ghost but do no damage.
Namelastname112's ghost is severely damaged.
Namelastname112's ghost hits you!
* * * LOW HITPOINT WARNING * * *
You are too injured to fight recklessly!
You are too injured to fight recklessly!
You are too injured to fight recklessly!
You are too injured to fight recklessly!
You are too injured to fight recklessly!
You are too injured to fight recklessly!
You are too injured to fight recklessly!
You hit namelastname112's ghost.
Namelastname112's ghost is severely damaged.
You block namelastname112's ghost's attack. x2
You closely miss namelastname112's ghost.
Namelastname112's ghost is severely damaged.
Namelastname112's ghost shrieks, "To die, to sleep, no more."
Namelastname112's ghost hits you!
You die...

### .. . .## ...
#######..####
....#............
#..........#####
#...W@..........
#..........##.##
###.#+#.........
#.......#.####
#...#.#.......
#...#.###.#####.#
#.......#.## #.#
.....##.....<#
#.#
.....####.#..##
#.#


You could see namelastname112's ghost.

Vanquished Creatures
  The ghost of bollicks1999 the Sneak, an amateur OpAs (D:3)
  A phantom (D:3)
  A hound skeleton (D:3)
  4 adders
  An ooze (D:3)
  2 worms
  A dart slug (D:2)
  A giant gecko (D:1)
  3 orcs (D:3)
  4 giant cockroaches
  11 goblins
  6 hobgoblins
  2 quokkas
  A ball python (D:3)
  9 bats
  11 kobolds
  8 rats
  A plant (D:1)
68 creatures vanquished.

Notes
Turn   | Place    | Note
--------------------------------------------------------------
     0 | D:1      | Zhenya25pyc the Gargoyle Fighter began the quest for the Orb.
     0 | D:1      | Reached XP level 1. HP: 14/14 MP: 1/1
   207 | D:1      | Reached XP level 2. HP: 19/19 MP: 2/2
   884 | D:1      | Reached XP level 3. HP: 23/23 MP: 3/3
  1155 | D:2      | Found a radiant altar of Vehumet.
  1465 | D:2      | Found a snail-covered altar of Cheibriados.
  1729 | D:3      | Noticed bollicks1999's ghost (amateur OpAs)
  1739 | D:3      | Reached XP level 4. HP: 29/29 MP: 4/4
  1774 | D:3      | Killed bollicks1999's ghost
  1774 | D:3      | Reached XP level 5. HP: 28/33 MP: 5/5
  1848 | D:3      | Noticed a phantom
  2017 | D:3      | Reached XP level 6. HP: 31/38 MP: 6/6
  2072 | D:3      | Killed a phantom
  2943 | D:4      | Noticed namelastname112's ghost (amateur DrBe)
  2964 | D:4      | Slain by namelastname112's ghost

Skill      XL: |  1  2  3  4  5 |
---------------+----------------+-----
Maces & Flails | 3 4 |  4.6
Fighting       | 4 |  4.5
Armour         | 4 |  4.5
Shields        | 4 |  4.3

Action                   |  1- 3 |  4- 6 || total
-------------------------+-------+-------++-------
Melee: Flail             |   142 |   203 ||   345
  Eat: Chunk             |     2 |     4 ||     6
Armor: Scale mail        |    88 |   114 ||   202
Dodge: Dodged            |    45 |    54 ||    99
Block: Shield            |    73 |   117 ||   190
